Match 46732558
Unlisted

Match 46732558
End
Pioneer Squad
Construct Infanterie Kompanie
Selects Breakthrough Battlegroup
Selects Assault Grenadiers
Grenadier Squad
Grenadier Squad
Grenadier Squad
Infanterie Officer Quarters
GrW 34 Mortar Team
Selects Breakthrough
Breakthrough
Construct Panzergrenadier Kompanie
Pak 40 Anti-tank Gun Team
251 Medium Carrier
Selects Mechanized Assault Group
Mechanized Assault Group
Breakthrough
Pak 40 Anti-tank Gun Team
Selects Rapid Production
Selects Blitzkrieg
Construct Panzer Kompanie
Breakthrough
Sturmpanzer IV Brummbär
Medical Station
Selects Tiger Heavy Tank
Tiger Heavy Tank
Breakthrough
赵天天001
Willham
aSIIDemolitionHammer
K̳itsuné
0
0

Comments sign in to comment!

No comments posted yet!